Map: Pillars of Gold LE

Players

Bunny - Winner!

  • Race: Terran Terran
  • Spawn Location: 7:00

ShoWTimE

  • Race: Protoss Protoss
  • Spawn Location: 1:00

Event: StayAtHome Story Cup #3

VOD

Have the link to the VOD?

Description

Time

  • Played on: March 11, 2021, 7:37 a.m.
  • Length: 12:23

All games in this series

Show
View Real Time Build Order
Export as new Build Order

Bunny Terran - Winner!

Build Orders: Reaper Expand 

Get SALT Encoding   

  12  0:00  SCV  
  13  0:12  SCV  
  14  0:18  Supply Depot  
  14  0:24  SCV  
  15  0:39  SCV  
  15  0:41  Barracks  
  16  0:45  Refinery  
  16  0:51  SCV  
  17  1:03  SCV  
  18  1:16  SCV  
  19  1:28  Orbital Command, Reaper  
  20  1:47  Command Center  
  20  1:53  Supply Depot  
  20  1:56  SCV  
  20  2:01  Marine  
  22  2:08  SCV  
  22  2:13  Factory  
  23  2:20  Refinery, SCV  
  24  2:28  Bunker  
  24  2:30  Barracks Reactor  
  24  2:33  SCV  
  25  2:45  SCV  
  26  2:57  SCV  
  26  2:58  Hellion  
  28  2:59  Starport  
  28  3:02  Orbital Command  
  28  3:09  SCV, Marine  
  30  3:15  Marine  
  30  3:19  Widow Mine  
  33  3:21  SCV  
  34  3:28  SCV  
  34  3:33  SCV  
  36  3:36  Medivac  
  36  3:39  Marine  
  36  3:40  Widow Mine, SCV  
  42  3:41  Marine  
  42  3:45  SCV  
  44  3:50  Supply Depot  
  44  3:53  SCV  
  45  3:57  SCV  
  45  3:58  Barracks  
  46  4:12  SCV x2  
  46  4:13  Factory Tech Lab  
  46  4:14  Starport Tech Lab  
  46  4:15  Barracks, Marine x2  
  49  4:19  Supply Depot  
  49  4:24  SCV x2  
  51  4:32  Engineering Bay  
  51  4:33  Refinery  
  51  4:36  SCV x2  
  51  4:38  Marine  
  54  4:40  Marine  
  54  4:44  Starport Reactor  
  54  4:45  Factory Reactor  
  55  4:46  Supply Depot  
  55  4:48  SCV x2  
  57  4:53  Supply Depot  
  57  4:56  Stimpack  
  57  4:57  Marauder  
  57  4:59  Marine x2  
  61  5:04  SCV  
  62  5:07  SCV  
  62  5:09  Refinery, Combat Shield  
  62  5:10  Marauder  
  62  5:13  Supply Depot  
  63  5:16  Terran Infantry Weapons Level 1  
  63  5:17  Supply Depot  
  63  5:18  SCV  
  63  5:19  SCV  
  65  5:23  Marauder  
  65  5:24  Marine x2  
  69  5:31  Medivac x2  
  69  5:35  Widow Mine  
  77  5:36  Widow Mine  
  77  5:39  Marauder  
  77  5:41  Marine  
  77  5:42  Marine  
  81  5:44  SCV  
  81  5:45  SCV  
  81  5:48  Supply Depot  
  83  5:52  Supply Depot  
  83  5:54  Marauder  
  85  6:01  Medivac x2  
  89  6:08  SCV x2, Armory  
  91  6:15  Marauder, Supply Depot  
  91  6:17  Marauder, Marine  
  96  6:19  Marine  
  96  6:23  Widow Mine x2  
  99  6:27  SCV x2  
  99  6:30  Supply Depot  
  99  6:32  Concussive Shells  
  101  6:41  Command Center  
  101  6:44  Medivac  
  101  6:45  Medivac  
  105  6:48  Widow Mine x2  
  102  6:56  SCV x2  
  102  7:01  Marauder x2  
  104  7:02  Marine x2  
  104  7:07  Barracks  
  101  7:09  Widow Mine  
  101  7:10  Widow Mine, SCV  
  101  7:14  SCV  
  107  7:22  Viking  
  109  7:24  Barracks, Viking  
  107  7:31  SCV  
  107  7:32  SCV  
  107  7:33  Marauder  
  107  7:36  Marauder  
  111  7:37  Marine x2  
  111  7:42  Terran Infantry Armor Level 1  
  113  7:45  Widow Mine x2  
  113  7:46  SCV  
  118  7:52  SCV  
  118  7:54  Orbital Command  
  119  7:58  SCV  
  119  8:04  Marauder  
  119  8:05  Marauder  
  123  8:07  Barracks Tech Lab  
  123  8:12  Viking x2  
  127  8:16  Ghost Academy  
  124  8:21  SCV x3  
  124  8:23  Refinery  
  124  8:24  Refinery  
  124  8:25  Barracks Reactor  
  121  8:33  SCV x3  
  124  8:36  Supply Depot  
  128  8:41  Marauder x3, Marine, Viking  
  128  8:42  Marine, Viking  
  128  8:47  Enhanced Shockwaves  
  136  8:52  Supply Depot  
  135  8:59  Supply Depot  
  135  9:02  Ghost x2  
  139  9:04  Ghost  
  139  9:05  Marine x4  
  145  9:12  Viking x2  
  149  9:21  Supply Depot  
  149  9:24  Marine x2  
  149  9:25  Marine x2, Supply Depot  
  149  9:30  Ghost  
  155  9:34  Ghost x2  
  159  9:42  Marine x2, Viking x2  
  159  9:43  Marine x2  
  167  9:50  Supply Depot  
  167  9:51  Terran Infantry Weapons Level 2  
  167  9:56  SCV  
  167  9:57  SCV x2  
  167  9:59  Marauder  
  172  10:00  Marine  
  172  10:03  Marauder  
  172  10:04  Marauder  
  177  10:12  Medivac x2  
  177  10:13  Supply Depot  
  181  10:17  Command Center  
  165  10:32  Marauder x3  
  147  10:42  Widow Mine x2  
  134  10:48  Barracks, Marine x3  
  126  10:51  Command Center  
  126  10:52  Barracks, Viking  
  126  10:53  Marauder x3, Viking  
  133  10:59  Marine  
  133  11:03  Widow Mine x2  
  130  11:05  Marine  
  130  11:06  Marine  
  126  11:12  Marine  
  126  11:14  Marauder  
  126  11:15  Marauder x2  
  126  11:16  Marine  
  133  11:22  Viking  
  133  11:23  Marine x2, Viking  
  135  11:39  Barracks Tech Lab, Marauder x3  
  135  11:41  Barracks Reactor  
  135  11:44  Marine x4  
  135  11:46  Widow Mine x2  
  137  11:52  Medivac x2  
  126  12:03  Marine x2  
Show
View Real Time Build Order
Export as new Build Order

ShoWTimE Protoss 

Build Orders: 1 Gate Expand, Blink Stalkers, Colossus Rush 

Get SALT Encoding   

  12  0:00  Probe  
  13  0:12  Probe  
  14  0:18  Pylon  
  14  0:24  Probe (Chrono Boost)  
  15  0:37  Probe (Chrono Boost), Gateway  
  16  0:44  Probe (Chrono Boost)  
  16  0:47  Assimilator  
  17  0:51  Probe  
  18  1:03  Probe  
  19  1:15  Probe  
  20  1:24  Cybernetics Core  
  20  1:35  Nexus  
  20  1:43  Pylon  
  20  1:45  Probe  
  21  1:50  Assimilator  
  21  1:57  Probe  
  21  1:58  Adept (Chrono Boost)  
  22  2:07  Shield Battery  
  24  2:09  Probe  
  24  2:12  Warp Gate  
  25  2:21  Probe  
  26  2:22  Stalker (Chrono Boost)  
  28  2:34  Probe  
  29  2:39  Twilight Council  
  29  2:47  Probe (Chrono Boost)  
  29  2:51  Probe (Chrono Boost)  
  31  2:56  Probe (Chrono Boost)  
  33  3:00  Probe (Chrono Boost)  
  33  3:01  Probe (Chrono Boost)  
  33  3:03  Robotics Facility  
  34  3:10  Probe  
  35  3:13  Probe  
  35  3:16  Gateway  
  36  3:21  Blink (Chrono Boost)  
  36  3:22  Probe  
  36  3:25  Probe  
  38  3:31  Pylon  
  38  3:34  Probe  
  38  3:37  Probe  
  38  3:41  Assimilator  
  40  3:43  Assimilator  
  40  3:46  Probe  
  41  3:50  Pylon  
  41  3:51  Observer (Chrono Boost)  
  41  3:52  Probe  
  43  3:58  Probe  
  43  4:00  Pylon  
  43  4:01  Stalker  
  46  4:04  Probe  
  47  4:10  Observer (Chrono Boost), Stalker  
  47  4:11  Probe  
  47  4:16  Probe  
  52  4:23  Probe  
  53  4:25  Robotics Bay  
  53  4:29  Probe  
  53  4:30  Stalker  
  56  4:35  Probe, Stalker  
  59  4:41  Probe, Observer  
  61  4:57  Probe  
  62  5:03  Probe  
  62  5:10  Pylon  
  62  5:11  Nexus  
  62  5:15  Pylon  
  62  5:25  Colossus (Chrono Boost), Forge  
  62  5:28  Probe  
  69  5:33  Probe  
  70  5:35  Extended Thermal Lance (Chrono Boost)  
  70  5:38  Charge  
  70  5:40  Probe, Sentry  
  73  5:43  Pylon  
  73  5:46  Probe, Protoss Ground Weapons Level 1 (Chrono Boost)  
  74  5:52  Probe  
  74  5:53  Gateway  
  75  5:58  Probe  
  75  6:03  Gateway  
  76  6:04  Probe  
  76  6:10  Probe  
  78  6:12  Observer, Colossus  
  78  6:16  Probe  
  85  6:22  Probe  
  85  6:24  Probe  
  87  6:25  Shield Battery  
  87  6:27  Sentry x2  
  87  6:28  Probe  
  92  6:33  Gateway  
  92  6:34  Probe  
  92  6:35  Gateway  
  92  6:37  Pylon  
  93  6:47  Stalker  
  94  6:49  Observer  
  94  6:51  Pylon  
  94  6:53  Observer  
  92  6:55  Probe  
  92  6:56  Stalker x2  
  92  6:58  Probe  
  92  6:59  Probe  
  97  7:07  Probe, Stalker  
  98  7:10  Probe  
  98  7:15  Stalker  
  99  7:20  Probe x2  
  101  7:24  Zealot x2  
  101  7:25  Probe  
  106  7:31  Assimilator  
  106  7:32  Probe  
  106  7:33  Photon Cannon  
  106  7:35  Stalker  
  106  7:36  Assimilator  
  109  7:38  Photon Cannon  
  109  7:42  Colossus (Chrono Boost)  
  109  7:43  Templar Archives  
  109  7:45  Protoss Ground Armor Level 1 (Chrono Boost)  
  109  7:46  Pylon  
  109  7:47  Forge  
  115  7:52  Pylon  
  115  7:59  Observer  
  115  8:00  Zealot x2  
  109  8:13  Zealot x4  
  109  8:17  Probe  
  109  8:19  Probe  
  113  8:23  Probe  
  113  8:24  Protoss Ground Weapons Level 2 (Chrono Boost)  
  113  8:25  Photon Cannon, Gravitic Drive (Chrono Boost)  
  113  8:26  Warp Prism (Chrono Boost)  
  116  8:36  Pylon  
  115  8:42  Pylon  
  115  8:47  Photon Cannon, Pylon  
  115  8:48  Shield Battery  
  115  8:49  Pylon  
  115  8:55  High Templar  
  117  8:56  High Templar, Zealot x3  
  117  8:58  Pylon  
  117  9:00  Archon  
  117  9:01  High Templar  
  127  9:07  Probe x2  
  127  9:08  Probe  
  127  9:12  Pylon  
  127  9:14  Gateway  
  127  9:16  Gateway  
  127  9:17  Nexus  
  127  9:19  High Templar  
  127  9:20  Shield Battery  
  129  9:24  Archon, Zealot x2  
  129  9:28  Stalker x2  
  129  9:30  Probe x3  
  140  9:42  Probe  
  140  9:43  Pylon  
  140  9:44  Pylon  
  141  9:48  Photon Cannon  
  141  9:49  High Templar x3  
  141  9:50  Pylon  
  141  9:51  High Templar  
  147  9:57  Archon x2  
  147  9:59  Pylon  
  147  10:01  Disruptor (Chrono Boost)  
  147  10:03  Probe, Pylon  
  147  10:06  Zealot x2  
  155  10:09  Zealot  
  155  10:13  Robotics Facility  
  157  10:16  Zealot  
  159  10:25  Zealot x2  
  145  10:29  Disruptor (Chrono Boost)  
  145  10:30  Zealot x2  
  145  10:34  Zealot  
  120  10:41  Zealot x3  
  106  10:47  Zealot x2  
  96  10:52  Zealot x2  
  96  10:57  Zealot  
  96  11:01  Zealot x3  
  93  11:05  Disruptor (Chrono Boost)  
  93  11:09  Zealot x2  
  93  11:10  Disruptor (Chrono Boost)  
  91  11:12  Shield Battery  
  91  11:15  Zealot x2  
  94  11:22  Stalker x2  
  90  11:27  Stalker x2  
  90  11:30  Zealot x2  
  98  11:38  Zealot x2  
  90  11:47  Disruptor (Chrono Boost)  
  90  11:49  Zealot x2  
  90  11:51  Zealot x4  
  95  12:01  Zealot x2  
  91  12:11  Stalker x2  
  91  12:12  Zealot x2  
  91  12:13  Zealot x2  
Tags
 
Add a new tag
Caveats
  • Supply blocks, unpowered buildings, or Contaminate may cause inaccurate times.
  • Supply counts are checked every 10 seconds.